 Dungeon Sprint DCSS version 0.30-a0-360-g447f08457e (webtiles) character file.

Game seed: 13367563750303188106

1790 Pestilence the Fighter (level 8, 0/72 HPs)
             Began as a Demonspawn Gladiator on Nov 13, 2022.
             Was a Believer of Makhleb.
             Slain by a skeletal warrior
             ... wielding a +0 trident
              (17 damage)
             ... in the Dungeon (Sprint IX: "|||||||||||||||||||||||||||||").
             The game lasted 00:02:34 (510 turns).

Pestilence the Fighter (Demonspawn Gladiator)        Turns: 510, Time: 00:02:35

Health: 0/72       AC: 13    Str: 17    XL:     8   Next: 82%
Magic:  8/8        EV: 18    Int: 10    God:    Makhleb [**....]
Gold:   0          SH:  0    Dex: 17    Spells: 7/7 levels left

rFire   . . .      SeeInvis .    o - +2 scimitar (flame)
rCold   . . .      Faith    .    (no shield)
rNeg    . . .      Spirit   .    q - +1 scale mail
rPois   .          Reflect  .    c - +0 helmet
rElec   .          Harm     .    a - +0 cloak
rCorr   .          Rampage  .    p - +0 pair of gloves
Will    .....      NoTele   +    (no boots)
Stlth   ..........               (no amulet)
HPRegen 0.32/turn                r - +3 ring of dexterity
MPRegen 0.11/turn                s - +2 ring of evasion

@: no status effects
A: repulsion field 1, ignite blood 2, weakness stinger 2
a: Renounce Religion, Minor Destruction


You were in the Dungeon.
You worshipped Makhleb.
Makhleb was pleased with you.
You visited 1 branch

Inventory:

Hand Weapons
 o - a +2 scimitar of flaming (weapon)
Missiles
 d - 3 throwing nets (quivered)
 e - a javelin
Armour
 a - a +0 cloak (worn)
 c - a +0 helmet (worn)
 p - a +0 pair of gloves (worn)
 q - a +1 scale mail (worn)
Jewellery
 r - a +3 ring of dexterity (left hand)
 s - a +2 ring of evasion (right hand)
Scrolls
 k - 2 scrolls of blinking
 m - 2 scrolls of amnesia
Potions
 f - a potion of invisibility
 g - a potion of heal wounds
 h - a potion of haste
 i - 4 potions of magic
 l - 4 potions of curing


   Skills:
 + Level 10.2 Fighting
 + Level 9.6 Long Blades
 - Level 1.7 Throwing
 + Level 9.1 Armour
 + Level 9.6 Dodging


You had 7 spell levels left.
You didn't know any spells.
Your spell library was empty.

Dungeon Overview and Level Annotations

Branches:
Dungeon (1/1)

Altars:
Cheibriados
Dithmenos
Fedhas
Gozag
Hepliaklqana
Kikubaaqudgha
Makhleb
Nemelex Xobeh
Okawaru
Qazlal
Ru
Sif Muna
Trog
Uskayaw
Vehumet
Wu Jian
Xom
Yredelemnul
Jiyva
Lugonu


Innate Abilities, Weirdness & Mutations

You are surrounded by a mild repulsion field. (EV +2)
Your demonic aura often causes spilled blood to erupt in flames.
You have a tail ending in a sharp stinger.


Message History

Unknown command.
Items here: )))))).
Aiming: Minor Destruction (24% risk of failure)
Press: ? - help, Shift-Dir - straight line, f/p - skeletal warrior
Aim: a skeletal warrior, wielding a +0 trident (severely damaged)
The stone arrow hits the skeletal warrior.
The skeletal warrior is severely damaged.
The skeletal warrior hits you from afar with a +0 trident!!
* * * LOW HITPOINT WARNING * * *
The boulder beetle curls into a ball and begins rolling!
Aiming: Minor Destruction (24% risk of failure)
Press: ? - help, Shift-Dir - straight line, f/p - skeletal warrior
Aim: a skeletal warrior, wielding a +0 trident (severely damaged)
The skeletal warrior is unaffected.
The boulder beetle stops rolling and uncurls.
Aiming: Minor Destruction (24% risk of failure)
Press: ? - help, Shift-Dir - straight line, f/p - skeletal warrior
Aim: a skeletal warrior, wielding a +0 trident (severely damaged)
You fail to use your ability.
Aiming: Minor Destruction (24% risk of failure)
Press: ? - help, Shift-Dir - straight line, f/p - skeletal warrior
Aim: a skeletal warrior, wielding a +0 trident (severely damaged)
You fail to use your ability.
Aiming: Minor Destruction (24% risk of failure)
Press: ? - help, Shift-Dir - straight line, f/p - skeletal warrior
Aim: a skeletal warrior, wielding a +0 trident (severely damaged)
The glob of acid hits the skeletal warrior.
The acid splashes onto the centaur warrior!
The centaur warrior is splashed with acid.
The acid corrodes the centaur warrior!
The skeletal warrior is severely damaged.
There is an open door here.
There is a glowing golden altar of the Shining One here.
Aiming: Minor Destruction (24% risk of failure)
Press: ? - help, Shift-Dir - straight line, f/p - skeletal warrior
Aim: a skeletal warrior, wielding a +0 trident (severely damaged)
The skeletal warrior is unaffected.
The boulder beetle curls into a ball and begins rolling!
The skeletal warrior hits you from afar with a +0 trident!
You die... ▓▓▓▓▓▓▓▓▓▓▓▓▓▓▓▓▓▓▓▓▓▓▓▓▓▓▓▓▓▓▓▓▓ °g..)g○g.B.J)cz'@________________ ▓▓▓▓▓▓▓▓▓▓▓▓▓▓▓▓▓▓▓▓▓▓▓▓▓▓▓▓▓▓▓▓▓

You could see a boulder beetle (rolling), a skeletal warrior, a slime creature and a centaur warrior (corroded).

Vanquished Creatures
  A two-headed ogre (D)
  A cyclops (D)
  A kobold demonologist (D)
  2 yaks (D)
  An acid dragon (D)
  A centaur (D)
  2 hounds (D)
  An iguana (D)
  2 adders (D)
  An endoplasm (D)
  A goblin (D)
  A hobgoblin (D)
  A kobold (D)
  A rat (D)
17 creatures vanquished.

Notes
Turn   | Place    | Note
-------+----------+-------------------------------------------
     0 | D        | Pestilence the Demonspawn Gladiator began the quest for the
                  | Orb.
     0 | D        | Reached XP level 1. HP: 16/16 MP: 1/1
    12 | D        | Reached skill level 1 in Armour
    21 | D        | Noticed an iguana
    21 | D        | Noticed a hound
    21 | D        | Noticed a hound
    23 | D        | Killed a hound
    24 | D        | Reached skill level 3 in Fighting
    24 | D        | Gained mutation: You have a small tail. [demonic ancestry]
    24 | D        | Reached XP level 2. HP: 15/24 MP: 2/2
    24 | D        | Reached XP level 3. HP: 18/29 MP: 3/3
    31 | D        | Reached skill level 4 in Fighting
    43 | D        | Gained mutation: You are surrounded by a mild repulsion
                  | field. (EV +2) [demonic ancestry]
    43 | D        | Reached XP level 4. HP: 14/38 MP: 4/4
    52 | D        | Reached skill level 5 in Long Blades
    52 | D        | Reached skill level 5 in Dodging
   163 | D        | Found a snail-covered altar of Cheibriados.
   163 | D        | Found a shadowy altar of Dithmenos.
   163 | D        | Found a blossoming altar of Fedhas.
   163 | D        | Found an opulent altar of Gozag.
   164 | D        | Found a hazy altar of Hepliaklqana.
   165 | D        | Found a viscous altar of Jiyva.
   166 | D        | Found an ancient bone altar of Kikubaaqudgha.
   167 | D        | Found a corrupted altar of Lugonu.
   168 | D        | Found a burning altar of Makhleb.
   169 | D        | Found a sparkling altar of Nemelex Xobeh.
   170 | D        | Found an iron altar of Okawaru.
   171 | D        | Found a stormy altar of Qazlal.
   172 | D        | Found a sacrificial altar of Ru.
   173 | D        | Found a shimmering blue altar of Sif Muna.
   174 | D        | Found a bloodstained altar of Trog.
   175 | D        | Found a hide-covered altar of Uskayaw.
   176 | D        | Found a radiant altar of Vehumet.
   178 | D        | Became a worshipper of Makhleb the Destroyer
   180 | D        | Found an ornate altar of the Wu Jian Council.
   181 | D        | Found a shimmering altar of Xom.
   182 | D        | Found a basalt altar of Yredelemnul.
   239 | D        | Noticed a two-headed ogre
   239 | D        | Noticed a kobold demonologist
   239 | D        | Noticed a centaur
   239 | D        | Noticed a yak
   239 | D        | Noticed an acid dragon
   239 | D        | Noticed a yak
   242 | D        | Killed a yak
   243 | D        | Reached skill level 6 in Fighting
   243 | D        | Reached skill level 5 in Armour
   243 | D        | Reached XP level 5. HP: 31/47 MP: 5/5
   404 | D        | Noticed a neqoxec
   406 | D        | Killed an acid dragon
   407 | D        | Reached skill level 7 in Fighting
   407 | D        | Gained mutation: Your demonic aura sometimes causes spilled
                  | blood to erupt in flames. [demonic ancestry]
   407 | D        | Reached XP level 6. HP: 46/55 MP: 6/6
   409 | D        | Killed a yak
   409 | D        | Reached * piety under Makhleb
   410 | D        | Gained mutation: Your demonic aura often causes spilled
                  | blood to erupt in flames. [demonic ancestry]
   410 | D        | Reached XP level 7. HP: 52/61 MP: 7/7
   416 | D        | Reached skill level 8 in Fighting
   417 | D        | Noticed a red devil
   423 | D        | Killed a kobold demonologist
   427 | D        | Killed a two-headed ogre
   427 | D        | Reached ** piety under Makhleb
   428 | D        | Reached skill level 9 in Fighting
   428 | D        | Gained mutation: You have a tail ending in a sharp stinger.
                  | [demonic ancestry]
   428 | D        | Reached XP level 8. HP: 56/72 MP: 8/8
   475 | D        | Noticed a slime creature
   475 | D        | Noticed a centaur warrior
   475 | D        | Noticed a boulder beetle
   475 | D        | Noticed a skeletal warrior
   475 | D        | Noticed a cyclops
   478 | D        | Killed a cyclops
   479 | D        | Reached skill level 10 in Fighting
   510 | D        | Slain by a skeletal warrior

Illustrated notes

Levels and vault maps discovered:
D:        linesprint [early_d, line_temple, items_1, d_10, items_2, lair_1,
          lair_end, items_3, orc_1, orc_end, items_4, d_15, swamp_1, shoals_1,
          snake_1, spider_1, d_20, vaults_1, items_5, swamp_end, shoals_end,
          snake_end, spider_end, vaults_end, d_27, items_6, zot_1, zot_end,
          crypt_end, forest_end, elf_end, slime_end, tomb_end, abyss_end,
          pan_hell_end]

Skill      XL: |  1  2  3  4  5  6  7  8 |
---------------+-------------------------+-----
Long Blades    | 3 4 6 7 9 |  9.6
Dodging        | 3 4 6 7 9 |  9.6
Armour         | 2 3 5 6 8 9 |  9.1
Fighting       | 3 4 6 7 9 10 | 10.2
Throwing       | |  1.7

Action                   |  1- 3 |  4- 6 |  7- 9 || total
-------------------------+-------+-------+-------++-------
Melee: Long sword        |    31 |     9 |       ||    40
       Scimitar          |       |    10 |     9 ||    19
       Tailslap          |       |       |     2 ||     2
Invok: Minor Destruction |       |       |     8 ||     8
Evoke: Wand              |       |     1 |     9 ||    10
  Use: Potion            |     1 |     1 |     2 ||     4
Armor: Leather armour    |     5 |     2 |       ||     7
       Scale mail        |       |     2 |     2 ||     4
Dodge: Dodged            |    24 |    14 |    18 ||    56

Table legend: (Time is in decaauts)
 A = Elapsed time spent in this place.
 B = Non-inter-level travel time spent in this place.
 C = Inter-level travel time spent in this place.
 D = Time resting spent in this place.
 E = Time spent auto-exploring this place.
 F = Levels seen in this place.
 G = Mean time per level.
                   A        B        C        D        E       F      G
               +--------+--------+--------+--------+--------+-----+--------+
         Total |    529 |    529 |      0 |    307 |      0 |   1 |  529.0 |
       Dungeon |    529 |    529 |      0 |    307 |      0 |   1 |  529.0 |
               +--------+--------+--------+--------+--------+-----+--------+

Top non-repeatable levels by time:
       D: 529 daAuts
